 Dungeon Crawl Stone Soup version 0.30.0-5-g1a98f26d00 (webtiles) character file.

Game seed: 6783647266325911064

16320 hogiebunz the Impaler (level 12, -2/165 HPs)
             Began as a Minotaur Fighter on May 10, 2023.
             Was a Believer of Ashenzari.
             Slain by a wolf (7 damage)
             ... on level 1 of the Lair of Beasts.
             The game lasted 00:45:46 (13526 turns).

hogiebunz the Impaler (Minotaur Fighter)           Turns: 13526, Time: 00:45:46

Health: -2/165     AC: 16    Str: 25    XL:     12   Next: 9%
Magic:  11/11      EV:  9    Int:  5    God:    Ashenzari [**....]
Gold:   700        SH:  8    Dex: 17    Spells: 11/11 levels left

rFire   . . .        a - +6 spear of Ashenzari's Stickiness {Melee, Cun} (curse)
rCold   . . .        c - +0 buckler "Shackled Together" {Comp, Evo} (curse)
rNeg    . . .        J - +4 chain mail
rPois   .            (helmet restricted)
rElec   .            (no cloak)
rCorr   +            (no gloves)
SInv    +            (no boots)
Will    .....        D - amulet "At What Cost Knowledge?" {Acrobat, Fort, Range} (curse) Stlth
                     K - +6 ring of dexterity
HPRegen 0.47/turn    C - ring "Chained Incredulity" {rCorr, Fort, Comp} (curse)
MPRegen 0.12/turn

%: acrobat
@: berserking (expiring), very quick
A: horns 2, retaliatory headbutt
a: Renounce Religion, Curse Item, Shatter the Chains


You were on level 1 of the Lair of Beasts.
You worshipped Ashenzari.
Ashenzari was pleased with you.
You visited 3 branches of the dungeon, and saw 13 of its levels.
You also visited: Bailey.

You collected 739 gold pieces.
You spent 39 gold pieces at shops.

Inventory:

Hand Weapons
 a - the cursed +6 spear of Ashenzari's Stickiness (weapon) {Melee, Cun}
   (You took it off a wight on level 6 of the Dungeon)

   It has a curse which improves the following skills: Melee Combat: Short
   Blades, Long Blades, Axes, Maces & Flails, Polearms, Staves and Unarmed
   Combat.
   Cunning:   Dodging and Stealth.
 B - a +5 halberd
Missiles
 g - 26 poisoned darts (quivered)
Armour
 c - the cursed +0 buckler "Shackled Together" (worn) {Comp, Evo}

   It has a curse which improves the following skills: Companions: Summonings
   and Necromancy.
   Evocations: Evocations.
 m - a +1 plate armour
 J - a +4 chain mail (worn)
Magical Staves
 x - a staff of conjuration
Jewellery
 f - a ring of protection from fire
 C - the cursed ring "Chained Incredulity" (right hand) {rCorr, Fort, Comp}
   (You found it on level 7 of the Dungeon)

   [ring of resist corrosion]

   rCorr:     It protects you from acid and corrosion.
   It has a curse which improves the following skills: Fortitude: Armour and
   Shields.
   Companions: Summonings and Necromancy.
 D - the cursed amulet "At What Cost Knowledge?" (around neck) {Acrobat, Fort, Range}
   (You found it on level 8 of the Dungeon)

   [amulet of the acrobat]

   It increases your evasion while moving and waiting.
   It has a curse which improves the following skills: Fortitude: Armour and
   Shields.
   Ranged Combat: Ranged Weapons and Throwing.
 K - a +6 ring of dexterity (left hand)
Wands
 s - a wand of digging (6)
 v - a wand of roots (9)
 F - a wand of paralysis (8)
Scrolls
 h - a scroll of amnesia
 i - 2 scrolls of butterflies
 k - 3 scrolls of blinking
 o - 3 scrolls of enchant weapon
 p - a scroll of noise
 w - 3 scrolls of teleportation
 y - 6 scrolls of identify
 z - 2 scrolls of enchant armour
 E - a scroll of fear
 I - 2 scrolls of magic mapping
Potions
 b - a potion of resistance
 d - 2 potions of might
 e - 8 potions of curing
 j - 3 potions of lignification
 l - 2 potions of invisibility
 n - 2 potions of mutation
 t - a potion of ambrosia
 u - a potion of attraction
 A - 2 potions of brilliance
 G - a potion of flight
 H - 2 potions of haste
 L - a potion of cancellation


   Skills:
 + Level 11.3 Fighting
 * Level 15.0(16.1) Polearms
 + Level 11.3(13.0) Armour
 + Level 11.3(13.0) Shields


You had 11 spell levels left.
You didn't know any spells.
Your spell library contained the following spells:

 Spells                   Type           Power      Damage    Failure   Level
 Scorch                   Fire           0%         2d5       97%         2
 Sublimation of Blood     Necr           0%         N/A       97%         2
 Stone Arrow              Conj/Erth      0%         3d7       100%        3
 Tukima's Dance           Hex            0%         N/A       100%        3
 Animate Armour           Summ/Erth      0%         N/A       100%        4
 Flame Wave               Conj/Fire      0%         2d4       100%        4
 Passage of Golubria      Tloc           0%         N/A       100%        4
 Petrify                  Tmut/Erth      0%         N/A       100%        4
 Irradiate                Conj/Tmut      0%         3d11      100%        5
 Yara's Violent Unravell  Hex/Tmut       0%         3d3       100%        5
 Summon Cactus Giant      Summ           0%         N/A       100%        6
 Lehudib's Crystal Spear  Conj/Erth      0%         10d2      100%        8


Dungeon Overview and Level Annotations

Branches:
Dungeon (11/15)            Temple (1/1) D:4            Lair (1/5) D:11
    Orc (0/2) D:10         Bailey (visited)

Altars:
Ashenzari
Cheibriados
Dithmenos
Elyvilon
Fedhas
Gozag
Hepliaklqana
Kikubaaqudgha
Makhleb
Nemelex Xobeh
Okawaru
Qazlal
Ru
Sif Muna
Trog
Uskayaw
Vehumet
Wu Jian
Xom
Yredelemnul
Zin
The Shining One

Shops:
D:2 [   D:9 **

Portals:
Trove: D:11 (give +3 fire dragon scales)

Annotations:
D:6 3 runed translucent doors, valliere's ghost, amateur DjFE
D:8 3 runed translucent doors, Valagong's ghost, novice MiFi


Innate Abilities, Weirdness & Mutations

You have a pair of horns on your head.
You reflexively headbutt those who attack you in melee.


Message History

* * * LOW HITPOINT WARNING * * *
You hear an angry growl.
Unknown command.
You closely miss the ice dragon.
The ice dragon is heavily wounded.
You hit the ice dragon.
The ice dragon is severely wounded.
You hit the ice dragon.
The ice dragon is severely wounded.
The ice dragon breathes frost at you. The blast of cold hits you!!!
* * * LOW HITPOINT WARNING * * *
You puncture the ice dragon!
The ice dragon is severely wounded.
You puncture the ice dragon!
The ice dragon is almost dead.
You puncture the ice dragon!
The ice dragon is almost dead.
The ice dragon closely misses you.
The ice dragon claws you but does no damage.
The ice dragon tramples you but does no damage.
You puncture the ice dragon!
You kill the ice dragon!
Your base Polearms skill increases to level 15!
You puncture the wolf! You headbutt the wolf.
You kill the wolf!
You block the wolf's attack.
You see here a wolf corpse.
You barely miss the wolf. The wolf bites you but does no damage.
You completely miss the wolf. You puncture the wolf!
The wolf is moderately wounded.
The wolf bites you.
* * * LOW HITPOINT WARNING * * *
You puncture the wolf!
The wolf is severely wounded.
You barely miss the wolf.
The wolf is severely wounded.
The wolf bites you!
You die...

#####.....#....#>#
,* *
##..'####.#..##* *
#...###......# ,
###.........#* * *
* ########†.# *,
##.## , , #..# ,
#.## , *, #@# #,
#h#**.##. ,
#Y##.....
#4Z......,
#4######. #.##
#..##### *
#?.....# ,
##...).# ,


You could see 2 ice devils, a yak, a wolf and an anaconda simulacrum.

Vanquished Creatures
  An ice dragon (Lair:1)
  2 two-headed ogres
  Pikel (D:5)
  A manticore (D:11)
  A black mamba (Lair:1)
  A torpor snail (Lair:1)
  A cane toad (Lair:1)
  2 komodo dragons (Lair:1)
  A troll (D:11)
  Grinder (D:3)
  A hornet (D:11)
  A polar bear (Lair:1)
  3 blink frogs (Lair:1)
  4 spriggans (Bailey)
  2 wraiths
  3 shadows
  15 yaks
  Eustachio (D:5)
  3 wyverns
  A basilisk (Lair:1)
  4 vampire mosquitoes (D:10)
  3 steam dragons
  A water moccasin (D:9)
  4 orc warriors
  2 ice beasts (D:5)
  2 sky beasts (D:7)
  2 black bears
  3 centaurs
  6 wolves (Lair:1)
  7 ogres (Bailey)
  2 lemures (D:5)
  A kobold brigand (D:8)
  5 bullfrogs
  3 scorpions
  A gnoll sergeant (D:8)
  22 wights
  7 killer bees
  6 howler monkeys
  4 hounds
  6 orc priests
  A gnoll bouda (D:9)
  3 jellies
  Crazy Yiuf (D:2)
  Jessica (D:2)
  2 iguanas (D:6)
  A sleepcap (D:6)
  Ijyb (D:5)
  8 orc wizards
  2 hound zombies (D:5)
  A mummy (D:8)
  8 gnolls
  11 adders
  A shadow imp (D:6)
  4 white imps
  2 ufetubi
  A worm (D:2)
  4 dart slugs
  55 orcs
  10 ball pythons
  5 bats
  12 endoplasms
  5 giant cockroaches
  9 goblins
  6 hobgoblins
  9 jackals
  4 quokkas
  3 frilled lizards
  A hobgoblin zombie (D:8)
  8 kobolds
  2 kobold zombies (D:8)
  An orc zombie (D:8)
  5 rats
324 creatures vanquished.

Vanquished Creatures (others)
  2 orcs (D:6)
2 creatures vanquished.

Grand Total: 326 creatures vanquished

Notes
Turn   | Place    | Note
-------+----------+-------------------------------------------
     0 | D:1      | hogiebunz the Minotaur Fighter began the quest for the Orb.
     0 | D:1      | Reached XP level 1. HP: 19/19 MP: 0/0
    84 | D:1      | Reached XP level 2. HP: 27/27 MP: 1/1
   198 | D:1      | Reached skill level 3 in Polearms
   305 | D:1      | Reached XP level 3. HP: 33/33 MP: 2/2
   816 | D:2      | Found Ofeatseg's Antique Armour Boutique.
   895 | D:2      | Reached XP level 4. HP: 34/40 MP: 3/3
  1017 | D:2      | Found an ornate altar of the Wu Jian Council.
  1026 | D:2      | Noticed Jessica
  1032 | D:2      | Killed Jessica
  1067 | D:2      | Found a runed translucent door.
  1068 | D:2      | Noticed Crazy Yiuf
  1130 | D:2      | Reached skill level 4 in Polearms
  1503 | D:2      | Killed Crazy Yiuf
  1504 | D:2      | Reached XP level 5. HP: 36/47 MP: 4/4
  1641 | D:3      | Noticed Grinder
  1646 | D:3      | Paralysed by Grinder for 5 turns
  1658 | D:3      | Killed Grinder
  1659 | D:3      | Reached skill level 5 in Fighting
  1659 | D:3      | Reached skill level 5 in Polearms
  1659 | D:3      | Reached skill level 5 in Armour
  1659 | D:3      | Reached skill level 5 in Shields
  1659 | D:3      | Reached XP level 6. HP: 49/56 MP: 5/5
  2699 | D:4      | Reached skill level 6 in Polearms
  2699 | D:4      | Reached XP level 7. HP: 61/61 MP: 6/6
  2991 | D:4      | Found a staircase to the Ecumenical Temple.
  3012 | Temple   | Entered the Ecumenical Temple
  3012 | Temple   | Found a transporter.
  3012 | Temple   | Found a transporter.
  3016 | Temple   | Found a transporter.
  3016 | Temple   | Found a transporter.
  3159 | Temple   | Became a worshipper of Ashenzari the Shackled
  3689 | D:5      | Entered Level 5 of the Dungeon
  3784 | D:5      | Noticed Eustachio
  3802 | D:5      | Noticed Pikel
  3822 | D:5      | Killed Eustachio
  3838 | D:5      | Killed Pikel
  3839 | D:5      | Reached skill level 7 in Polearms
  3839 | D:5      | Reached XP level 8. HP: 46/71 MP: 7/7
  4058 | D:5      | Reached skill level 8 in Polearms
  4560 | D:5      | Found a glowing silver altar of Zin.
  4562 | D:5      | Found a shadowy altar of Dithmenos.
  4563 | D:5      | Found an ornate altar of the Wu Jian Council.
  4563 | D:5      | Found an iron altar of Okawaru.
  4722 | D:5      | Noticed Ijyb
  4742 | D:5      | Killed Ijyb
  4807 | D:5      | Found a basalt altar of Yredelemnul.
  5066 | D:6      | Found a runed translucent gate.
  5066 | D:6      | Found a runed translucent gate.
  5067 | D:6      | Found a runed translucent gate.
  5090 | D:6      | Noticed valliere's ghost (amateur DjFE)
  5287 | D:6      | Reached skill level 9 in Polearms
  5385 | D:6      | Found a white marble altar of Elyvilon.
  5459 | D:6      | Reached XP level 9. HP: 66/79 MP: 8/8
  5523 | D:6      | Found a shimmering altar of Xom.
  6372 | D:7      | Reached skill level 10 in Polearms
  7039 | D:8      | Found a flagged portal.
  7069 | Bailey   | Entered a bailey
  7179 | Bailey   | Reached skill level 11 in Polearms
  7231 | Bailey   | Reached XP level 10. HP: 45/90 MP: 9/9
  7543 | Bailey   | Noticed a two-headed ogre
  7664 | Bailey   | Killed a two-headed ogre
  7993 | D:8      | Reached * piety under Ashenzari
  8049 | D:9      | Reached skill level 12 in Polearms
  8748 | D:8      | Identified the +5 war axe of Tesk {heavy, rC+}
  8800 | D:8      | Found a bloodstained altar of Trog.
  9006 | D:8      | Found a runed translucent gate.
  9006 | D:8      | Found a runed translucent gate.
  9006 | D:8      | Found a runed translucent gate.
  9171 | D:8      | Noticed Valagong's ghost (novice MiFi)
  9374 | D:9      | Found Iwee's General Store.
  9411 | D:9      | Found Udybbih's Gadget Gallery.
  9556 | D:9      | Bought a scroll of teleportation for 39 gold pieces
  9836 | D:9      | Noticed a two-headed ogre
  9849 | D:9      | Killed a two-headed ogre
 10234 | D:10     | Entered Level 10 of the Dungeon
 10290 | D:10     | Reached XP level 11. HP: 95/99 MP: 10/10
 10307 | D:10     | Found a staircase to the Orcish Mines.
 10409 | D:10     | Reached skill level 13 in Polearms
 10849 | D:10     | Reached ** piety under Ashenzari
 10906 | D:10     | Reached skill level 10 in Fighting
 10913 | D:10     | Reached skill level 10 in Armour
 11248 | D:10     | Reached skill level 10 in Shields
 11375 | D:10     | Found a sacrificial altar of Ru.
 11437 | D:10     | Found a faded altar of an unknown god.
 12236 | D:11     | Reached skill level 14 in Polearms
 12349 | D:11     | Found a staircase to the Lair.
 12588 | D:11     | Found a portal to a secret trove of treasure.
 12729 | Lair:1   | Entered Level 1 of the Lair of Beasts
 13459 | Lair:1   | Reached XP level 12. HP: 110/110 MP: 11/11
 13479 | Lair:1   | Noticed an ice dragon
 13515 | Lair:1   | HP: 7/165 [ice dragon/blast of cold (41)]
 13519 | Lair:1   | Killed an ice dragon
 13520 | Lair:1   | Reached skill level 15 in Polearms
 13524 | Lair:1   | HP: 5/165 [wolf (4)]
 13526 | Lair:1   | Slain by a wolf

Illustrated notes

Levels and vault maps discovered:
D:1:      nagdon_arrival_double_spiral, layout_rooms, serial_co_window_serial,
          co_window_cross_1, co_window_corner_a, co_window_of_opportunity_a,
          co_window_paths_b, co_window_paths_b, co_window_cross_4,
          co_window_unsneaky_path_a, co_window_corner_b, co_window_4corner_b,
          glass_columns_a, glass_columns_b, glass_columns_a, glass_columns_b,
          glass_columns_a
D:2:      layout_rooms, basic_altar, serial_shops, nicolae_shop_statue_plus,
          uniq_jessica, uniq_crazy_yiuf_cottage
D:3:      minmay_spotlight, layout_rooms, serial_bayou, serial_bayou_pond_c,
          serial_bayou_pond_d, serial_bayou_crossing, serial_bayou_shore_a,
          interstate_on_off, grunt_ministairs_2, st_stairs_10, hex_intersection,
          uniq_grinder
D:4:      layout_basic, minmay_temple_entry_junction
D:5:      layout_loops_corners, lemuel_zombie_altar_yredelemnul,
          grunt_temple_overflow_open, uniq_pikel, uniq_ijyb, uniq_eustachio
D:6:      layout_basic, mainiacjoe_overflow_concentric_impassable,
          xom_confusion_cloud, gammafunk_ghost_icy,
          hangedman_abyss_or_decor_passed, minmay_misc_feat_four_crosses
D:7:      layout_basic, minmay_circle_x
D:8:      layout_cave_pools, mainiacjoe_overflow_chevrons,
          ebering_ghost_rock_garden, enter_bailey_5, chequers_avenue,
          minmay_mini_ossuary
D:9:      layout_rooms, serial_shops, shop, nicolae_shop_gadgets
D:10:     layout_cave_pods, nicolae_ru_awakened_eye, hiddenorc2_lemuel,
          serial_column_ruins, column_ruins_hut, column_ruins_temple_hall,
          column_ruins_grid_3, column_ruins_columns_T, column_ruins_columns_T,
          column_ruins_open_small, column_ruins_open_medium
D:11:     layout_basic, lair_entry_dummy, nicolae_trove_entry_crossroad
Temple:   hellmonk_temple_divided_pantheon
Lair:1:   dreamdust_isle_of_ice, layout_loops_ring, lemuel_fruit_tree,
          grunt_megastairs_1

Skill      XL: |  1  2  3  4  5  6  7  8  9 10 11 12 |
---------------+-------------------------------------+-----
Polearms       | 3 4 5 6 7 9 11 12 14 15 | 15.0
Armour         | 4 5 6 7 8 9 11 | 11.3
Shields        | 4 5 6 7 8 9 11 | 11.3
Fighting       | 4 5 6 7 8 9 11 | 11.3

Action                     |  1- 3 |  4- 6 |  7- 9 | 10-12 || total
---------------------------+-------+-------+-------+-------++-------
  Melee: Trident           |    82 |   132 |   232 |       ||   446
         Headbutt          |     7 |    23 |    51 |   136 ||   217
         Spear             |       |       |   139 |   707 ||   846
  Throw: Dart              |       |       |       |     3 ||     3
 Invoke: Curse Item        |       |       |     1 |     3 ||     4
  Evoke: Wand              |       |       |       |     1 ||     1
    Use: Scroll            |       |     7 |     8 |     4 ||    19
         Potion            |       |       |     2 |     6 ||     8
 Armour: Scale mail        |    21 |     4 |       |       ||    25
         Plate armour      |       |    48 |   145 |    98 ||   291
         Chain mail        |       |       |       |    48 ||    48
  Dodge: Dodged            |    21 |    31 |    54 |    91 ||   197
  Block: Buckler           |    14 |    21 |    67 |   109 ||   211
